 Dungeon Crawl Stone Soup version 0.25-a0-565-g8875c97ebb (webtiles) character file.

Game seed: 3798767829077092487, levelgen mode: deterministic

18039 Flugslaktarn the Cleaver (level 12, -9/118 HPs)
             Began as a Deep Dwarf Fighter on Feb 26, 2020.
             Was a High Priest of Makhleb.
             Mangled by an enormous slime creature (52 damage)
             ... on level 13 of the Dungeon.
             The game lasted 00:06:40 (7432 turns).

Flugslaktarn the Cleaver (Deep Dwarf Fighter)       Turns: 7432, Time: 00:06:40

Health: -9/118     AC: 33    Str: 28    XL:     12   Next: 24%
Magic:  12/12      EV:  4    Int: 10    God:    Makhleb [*****.]
Gold:   617        SH: 12    Dex: 17    Spells: 11/11 levels left

rFire    + . .     SeeInvis +   C - +4 war axe
rCold    . . .     Gourm    .   c - +0 kite shield
rNeg     . . .     Faith    .   B - +6 crystal plate armour of the Tundras {rF+ rCorr SInv}
rPois    .         Spirit   .   b - +2 helmet {SInv}
rElec    .         Reflect  .   (no cloak)
rCorr    +         Harm     .   m - +1 pair of gloves
MR       +....                  z - +0 pair of boots
Stlth    ..........             (no amulet)
HPRegen  0.00/turn              D - +5 ring of dexterity
MPRegen  0.13/turn              F - +4 ring of strength

@: non-regenerating
A: damage resistance, heal wounds, sense surroundings 2, no regeneration
a: Heal Wounds, Minor Destruction, Lesser Servant of Makhleb, Major Destruction,
Greater Servant of Makhleb, Renounce Religion


You were on level 13 of the Dungeon.
You worshipped Makhleb.
Makhleb was extremely pleased with you.
You were hungry.

You visited 2 branches of the dungeon, and saw 14 of its levels.
You also visited: Bailey.

You collected 617 gold pieces.

Inventory:

Hand Weapons
 y - a +2 battleaxe
   (You took it off a wight on level 8 of the Dungeon)
 C - a +4 war axe (weapon)
   (You took it off an orc on level 9 of the Dungeon)
Missiles
 p - 2 throwing nets (quivered)
Armour
 b - a +2 helmet of see invisible (worn)
   (You found it in a bailey)
 c - a +0 kite shield (worn)
 m - a +1 pair of gloves (worn)
   (You found it on level 4 of the Dungeon)
 z - a +0 pair of boots (worn)
   (You found it on level 12 of the Dungeon)
 B - the +6 crystal plate armour of the Tundras (worn) {rF+ rCorr SInv}
   (You found it in a bailey)

   It protects you from fire.
   It lets you see invisible.
   It provides partial protection from all sources of acid and corrosion.
   If you remove this armour, your AC will decrease by 26 (33 -> 7).
Jewellery
 D - a +5 ring of dexterity (left hand)
   (You found it on level 10 of the Dungeon)
 F - a +4 ring of strength (right hand)
   (You found it on level 12 of the Dungeon)
Wands
 f - a wand of enslavement (5)
   (You found it on level 4 of the Dungeon)
 v - a wand of iceblast (18)
   (You found it on level 4 of the Dungeon)
 A - a wand of paralysis (2)
   (You took it off Urug on level 13 of the Dungeon)
Scrolls
 j - 3 scrolls of fog
 k - 2 scrolls of enchant weapon {unknown}
 r - a scroll of identify
 s - a scroll of noise {unknown}
 t - a scroll of teleportation
 w - 3 scrolls of remove curse
Potions
 a - 3 potions of stabbing {unknown}
 d - 2 potions of might
 g - a potion of degeneration
 h - a potion of flight {unknown}
 i - a potion of ambrosia
 l - a potion of invisibility
 n - 2 potions of heal wounds {unknown}
 o - 3 potions of lignification {unknown}
 q - 5 potions of curing
 u - a potion of cancellation {unknown}
 x - a potion of haste {unknown}
 E - a potion of berserk rage {unknown}
 G - a potion of mutation {unknown}
Comestibles
 e - 16 rations


   Skills:
 * Level 10.6 Fighting
 * Level 12.1 Axes
 + Level 9.2 Armour
 + Level 8.7 Shields
 + Level 9.6 Invocations


You had 11 spell levels left.
You didn't know any spells.
Your spell library was empty.

Dungeon Overview and Level Annotations

Branches:
Dungeon (13/15)            Temple (1/1) D:4            Lair (0/6) D:10
    Orc (0/2) D:12         Bailey (visited)
 Vaults: D:13-14

Altars:
Ashenzari
Cheibriados
Dithmenos
Elyvilon
Fedhas
Gozag
Hepliaklqana
Kikubaaqudgha
Makhleb
Nemelex Xobeh
Okawaru
Qazlal
Ru
Sif Muna
Trog
Uskayaw
Vehumet
Wu Jian
Xom
Yredelemnul
Zin
The Shining One


Innate Abilities, Weirdness & Mutations

You are resistant to damage.
You can heal yourself by infusing magical energy.
You passively map the area around you.
You do not regenerate.


Message History

You hit the centaur.
Your crystal plate armour of the Tundras prevents you from hitting the centaur.
You slash the slime creature! You hit the centaur but do no damage.
The centaur hits you but does no damage.
The enormous slime creature hits you!!!
* * * LOW HITPOINT WARNING * * *
The centaur barely misses you.
The centaur hits you but does no damage.
The slime creature hits you but does no damage.
The centaur completely misses you.
You are too injured to fight recklessly!
You are too injured to fight recklessly!
You are too injured to fight recklessly!
You are too injured to fight recklessly!
You are too injured to fight recklessly!
Okay, then.
You feel much better.
The centaur hits you but does no damage.
You block the centaur's attack. The enormous slime creature hits you!!!
You die...

,, , #.....# ,, ,, ,
###.....#######+##
,#....................
,,
+.....(..............,
, ,
,#........?...........
,, , *
.....................,
, ,,,
########+####......#*
* ,#cc....# , , ,,
#@JW!..+,, , , , ,
#Jc....# , , , , * ,
#c.....# * ** * *
#......#, , * * * ,, ,
#......# , *> , ,
#......+ , , , *, , ,
'......# * * ,
#....... , ,, , ,, , *


You could see an enormous slime creature, a slime creature, a shadow (invisible)
and 4 centaurs.

Vanquished Creatures
  A centaur warrior (D:11)
  5 two-headed ogres
  Urug (D:13)
  2 unseen horrors
  An orc knight (Bailey)
  A cyclops (D:12)
  2 ugly things
  2 gargoyles (D:12)
  A tengu conjurer (D:12)
  A troll (D:10)
  A hornet (D:9)
  A slime creature (D:13)
  A hippogriff (D:9)
  A shadow (D:12)
  A spriggan (D:9)
  9 yaks
  A wyvern (D:9)
  2 hungry ghosts
  A meliai simulacrum (D:11)
  3 orc warriors
  3 phantoms
  4 ice beasts
  4 sky beasts
  4 black bears
  A necrophage (D:5)
  6 ogres
  An eye of draining (D:10)
  11 centaurs
  A crocodile (D:8)
  A big kobold (D:12)
  9 bullfrogs
  A wyvern zombie (D:8)
  2 scorpions
  2 troll zombies (D:12)
  5 killer bees (D:8)
  3 wights (D:8)
  5 howler monkeys (D:9)
  4 crimson imps
  A centaur zombie (D:12)
  2 bullfrog zombies (D:12)
  A quasit (D:9)
  6 hounds
  4 jellies
  3 bullfrog skeletons
  10 orc priests
  A centaur skeleton (D:8)
  A gnoll shaman (D:4)
  3 orc wizards
  4 iguanas
  5 worker ants
  6 ogre zombies (D:12)
  3 worker ant zombies
  Robin (D:4)
  14 gnolls
  A howler monkey skeleton (D:10)
  9 adders
  3 shadow imps
  An ooze (D:4)
  An adder skeleton (D:5)
  6 leopard geckos
  38 orcs
  2 ball pythons
  4 giant cockroaches
  15 goblins
  5 hobgoblins
  7 jackals
  4 quokkas
  7 bats
  A frilled lizard (D:4)
  4 goblin skeletons (D:12)
  3 goblin zombies (D:12)
  4 hobgoblin skeletons (D:12)
  A hobgoblin zombie (D:12)
  A jackal zombie (D:6)
  8 kobolds
  A leopard gecko skeleton (D:4)
  2 orc skeletons (D:12)
  10 orc zombies (D:12)
  A quokka zombie (D:5)
  2 rats
311 creatures vanquished.

Vanquished Creatures (collateral kills)
  Snorg (D:10)
  A centaur skeleton (D:10)
2 creatures vanquished.

Vanquished Creatures (others)
  An orc wizard (D:4)
  An orc (D:12)
2 creatures vanquished.

Grand Total: 315 creatures vanquished

Notes
Turn   | Place    | Note
-------+----------+-------------------------------------------
     0 | D:1      | Flugslaktarn the Deep Dwarf Fighter began the quest for the
                  | Orb.
     0 | D:1      | Reached XP level 1. HP: 20/20 MP: 1/1
   202 | D:2      | Reached XP level 2. HP: 27/27 MP: 2/2
   307 | D:3      | Reached skill level 3 in Axes
   307 | D:3      | Reached XP level 3. HP: 27/34 MP: 3/3
   318 | D:3      | Reached XP level 4. HP: 23/42 MP: 4/4
   380 | D:3      | Reached XP level 5. HP: 50/50 MP: 5/5
   563 | D:4      | Reached skill level 4 in Axes
   723 | D:4      | Reached XP level 6. HP: 38/57 MP: 6/6
  1037 | D:4      | Found a staircase to the Ecumenical Temple.
  1043 | Temple   | Entered the Ecumenical Temple
  1154 | Temple   | Became a worshipper of Makhleb the Destroyer
  1280 | D:4      | Noticed Robin
  1296 | D:4      | Killed Robin
  1452 | D:5      | Entered Level 5 of the Dungeon
  1457 | D:5      | Reached * piety under Makhleb
  1460 | D:5      | Reached skill level 5 in Axes
  1563 | D:5      | Reached XP level 7. HP: 51/66 MP: 7/7
  1583 | D:5      | Reached skill level 1 in Invocations
  1714 | D:5      | Reached skill level 5 in Fighting
  1737 | D:5      | Found a white marble altar of Elyvilon.
  1856 | D:5      | Reached skill level 5 in Armour
  1856 | D:5      | Reached skill level 5 in Shields
  1985 | D:5      | Reached ** piety under Makhleb
  1985 | D:5      | Reached skill level 6 in Axes
  1985 | D:5      | Reached XP level 8. HP: 71/75 MP: 9/9
  2382 | D:6      | Found a sparkling altar of Nemelex Xobeh.
  2797 | D:7      | Reached skill level 7 in Axes
  3017 | D:7      | Gained mutation: You passively map the area around you.
                  | [Deep Dwarf growth]
  3017 | D:7      | Reached XP level 9. HP: 66/85 MP: 12/12
  3431 | D:8      | Killed an unseen horror
  3431 | D:8      | Reached skill level 5 in Invocations
  3470 | D:8      | Reached skill level 8 in Axes
  3696 | D:8      | Found an ornate altar of the Wu Jian Council.
  3749 | D:8      | Found a basalt altar of Yredelemnul.
  3779 | D:8      | Reached *** piety under Makhleb
  4241 | D:8      | Reached XP level 10. HP: 16/96 MP: 13/13
  4359 | D:9      | Reached skill level 9 in Axes
  4402 | D:9      | Found a flagged portal.
  4442 | Bailey   | Entered a bailey
  4510 | Bailey   | Noticed an orc knight
  4624 | Bailey   | Noticed an orc knight
  4624 | Bailey   | Noticed an orc knight
  4661 | Bailey   | Killed an orc knight
  4721 | Bailey   | Got a spiked crystal plate armour
  4738 | Bailey   | Identified the +6 crystal plate armour of the Tundras {rF+
                  | rCorr SInv} (You found it in a bailey)
  4871 | D:9      | Found a glowing golden altar of the Shining One.
  4873 | D:9      | Found a blossoming altar of Fedhas.
  5044 | D:9      | Reached **** piety under Makhleb
  5144 | D:9      | Reached skill level 10 in Axes
  5292 | D:9      | Noticed a two-headed ogre
  5308 | D:9      | Killed a two-headed ogre
  5373 | D:9      | Reached XP level 11. HP: 86/106 MP: 12/12
  5671 | D:10     | Entered Level 10 of the Dungeon
  5824 | D:10     | Noticed a purple ugly thing
  5835 | D:10     | Killed a purple ugly thing
  5841 | D:10     | Noticed a two-headed ogre
  5844 | D:10     | Noticed Snorg
  5860 | D:10     | Killed a two-headed ogre
  5880 | D:10     | Killed Snorg
  5885 | D:10     | Reached skill level 11 in Axes
  5910 | D:10     | Identified the Guide on Earthen Transmigration
  5932 | D:10     | Noticed a two-headed ogre
  5943 | D:10     | Killed a two-headed ogre
  6238 | D:10     | Found a sacrificial altar of Ru.
  6370 | D:10     | Found a staircase to the Lair.
  6503 | D:11     | Found an iron altar of Okawaru.
  6503 | D:11     | Found a hazy altar of Hepliaklqana.
  6503 | D:11     | Noticed a vampire knight
  6503 | D:11     | Noticed a fire giant
  6504 | D:11     | Noticed a centaur warrior
  6518 | D:11     | Killed a centaur warrior
  6554 | D:11     | Paralysed by a vampire knight for 6 turns
  6582 | D:12     | Noticed a two-headed ogre
  6587 | D:12     | Killed a two-headed ogre
  6587 | D:12     | Reached skill level 10 in Fighting
  6595 | D:12     | Found a staircase to the Orcish Mines.
  6615 | D:12     | Reached ***** piety under Makhleb
  6782 | D:12     | Noticed an unseen horror
  6794 | D:12     | Killed an unseen horror
  6842 | D:12     | Reached XP level 12. HP: 117/117 MP: 11/11
  7354 | D:13     | Noticed Urug
  7357 | D:13     | Paralysed by Urug for 4 turns
  7372 | D:13     | Paralysed by Urug for 6 turns
  7379 | D:13     | Killed Urug
  7397 | D:13     | Reached skill level 12 in Axes
  7410 | D:13     | Noticed a two-headed ogre
  7421 | D:13     | Killed a two-headed ogre
  7432 | D:13     | Mangled by an enormous slime creature

Levels and vault maps discovered:
D:1:      dpeg_arrival_tiny_i, layout_loops_ring
D:2:      layout_loops_ring
D:3:      layout_basic, first_ration, uniq_natasha
D:4:      kennysheep_goblin_castle, layout_cave_pools, minmay_temple_entry_fiery
D:5:      minmay_chambers_of_fours, layout_rooms,
          nicolae_overflow_hidden_temple, hangedman_abyss_or_decor_passed
D:6:      layout_basic, nemelex_xobeh_ov_fountains_minmay,
          kennysheep_generic_room_14
D:7:      layout_gridville
D:8:      minmay_skewed_foursquare, layout_loops_ring, kennysheep_little_box,
          old_standard_altar
D:9:      wad_river_or_something, layout_irregular_city, minitemple,
          enter_bailey_2, the_bakery
D:10:     layout_loops_ring, lair_entry_dummy, nicolae_ru_the_path_less_chosen,
          uniq_snorg
D:11:     layout_loops_ring, jmf_multi_god_temple
D:12:     layout_irregular_city, zombieorc2_lemuel, lightli_fourway_metalbox
D:13:     cheibrodos_quadrivalence, layout_gridville, grunt_vaults_entry_tiered,
          uniq_urug
Temple:   eino_temple_scatter_basement

Skill      XL: |  1  2  3  4  5  6  7  8  9 10 11 12 |
---------------+-------------------------------------+-----
Fighting       | 3 4 5 6 7 9 10 | 10.6
Axes           | 3 4 5 6 7 8 10 11 12 | 12.1
Armour         | 4 5 6 8 9 |  9.2
Shields        | 4 5 6 7 8 |  8.7
Invocations    | 2 4 6 7 9 |  9.6

Action                   |  1- 3 |  4- 6 |  7- 9 | 10-12 || total
-------------------------+-------+-------+-------+-------++-------
Melee: War axe           |    68 |   172 |   405 |   482 ||  1127
       Battleaxe         |       |       |    28 |   119 ||   147
Invok: Lesser Servant of |       |       |       |     4 ||     4
 Abil: Heal Wounds       |     1 |     6 |    15 |    26 ||    48
  Use: Scroll            |       |       |     7 |     8 ||    15
       Potion            |       |       |     1 |       ||     1
  Eat: Chunk             |       |     3 |     9 |    15 ||    27
       Ration            |       |       |       |     1 ||     1
Armor: Scale mail        |    44 |    98 |   235 |    72 ||   449
       Crystal plate arm |       |       |       |   367 ||   367
       Plate armour      |       |       |       |     2 ||     2
Dodge: Dodged            |    38 |    67 |   147 |   137 ||   389
Block: Kite shield       |    52 |   133 |   251 |   293 ||   729

Table legend:
 A = Non-vault XP
 B = Vault XP
 C = Vault XP percentage of total XP
 D = Non-vault monster count
 E = Vault monster count
 F = Vault count percentage of total count
                 A         B        C        D         E       F
            +---------+---------+-------+---------+---------+-------
      Total |   19521 |    6249 |  24.2 |     224 |      91 |  28.9
            +---------+---------+-------+---------+---------+-------
        D:1 |      11 |       0 |   0.0 |       8 |       0 |   0.0
        D:2 |       9 |       0 |   0.0 |       4 |       0 |   0.0
        D:3 |     209 |       0 |   0.0 |      16 |       0 |   0.0
        D:4 |     356 |      49 |  12.1 |      22 |      19 |  46.3
        D:5 |     557 |     277 |  33.2 |      25 |       5 |  16.7
        D:6 |     770 |      85 |   9.9 |      11 |       1 |   8.3
        D:7 |     544 |       0 |   0.0 |      10 |       0 |   0.0
        D:8 |    2550 |     290 |  10.2 |      34 |       4 |  10.5
        D:9 |    3633 |    1151 |  24.1 |      37 |       9 |  19.6
       D:10 |    4750 |     717 |  13.1 |      20 |       1 |   4.8
       D:11 |     261 |     958 |  78.6 |       3 |       1 |  25.0
       D:12 |    4362 |    1177 |  21.2 |      29 |      39 |  57.4
       D:13 |    1509 |     851 |  36.1 |       5 |       1 |  16.7
     Bailey |       0 |     694 | 100.0 |       0 |      11 | 100.0
            +---------+---------+-------+---------+---------+-------
